 Dungeon Crawl Stone Soup version 0.18.1-5-g4a78601 (webtiles) character file.

425 MirrMurr the Covert (level 6, -4/28 HPs)
             Began as a Spriggan Enchanter on May 12, 2016.
             Killed from afar by an orc wizard (8 damage)
             ... with a puff of flame
             ... on level 4 of the Dungeon.
             The game lasted 00:08:47 (4231 turns).

MirrMurr the Covert (Spriggan Enchanter)            Turns: 4231, Time: 00:08:47

Health: -4/28      AC:  4    Str:  4    XL:     6   Next: 64%
Magic:  3/14       EV: 18    Int: 19    God:
Gold:   235        SH:  0    Dex: 16    Spells: 4 memorised, 5 levels left

rFire  . . .     SeeInvis +     a - +1 dagger
rCold  . . .     Gourm    .     b - +2 robe
rNeg   . . .     Faith    .     (shield restricted)
rPois  .         Spirit   .     (helmet restricted)
rElec  .         Dismiss  .     (no cloak)
rCorr  .         Reflect  .     (gloves unavailable)
SustAt .         Harm     .     (boots unavailable)
MR     +....                    (no amulet)
Stlth  +++++.....               (no ring)
                                (no ring)

@: very slightly contaminated, very quick, somewhat resistant to hostile
enchantments, quite stealthy
A: unfitting armour, see invisible, herbivore 3, speed 3, slow metabolism 2
a: no special abilities


You were on level 4 of the Dungeon.
You were full.

You visited 1 branch of the dungeon, and saw 4 of its levels.

You collected 235 gold pieces.

Inventory:

Hand Weapons
 a - a +1 dagger (weapon)
Missiles
 f - 104 stones (quivered)
Armour
 b - a +2 robe (worn)
 l - a +0 buckler
Jewellery
 e - an uncursed amulet of faith
 i - a +3 ring of protection {unknown}
 k - a +4 ring of intelligence {unknown}
Scrolls
 p - 3 scrolls of teleportation
 q - 2 scrolls of enchant armour
 r - a scroll of remove curse
 v - a scroll of fog
Potions
 h - 2 potions of resistance {unknown}
 j - 3 potions of flight
 m - 3 potions of curing {unknown}
 n - a potion of haste {unknown}
 o - 3 potions of brilliance {unknown}
 s - 2 potions of heal wounds {unknown}
 u - 2 potions of might
Books
 c - a book of Maledictions

   Spells                             Type                      Level
   a - Corona                         Hexes                        1
   b - Ensorcelled Hibernation        Hexes/Ice                    2
   c - Confuse                        Hexes                        3
   d - Tukima's Dance                 Hexes                        3
   e - Dazzling Spray                 Conjuration/Hexes            3
 t - a book of the Dragon

   Spells                             Type                      Level
   a - Flame Tongue                   Conjuration/Fire             1
   b - Cause Fear                     Hexes                        4
   c - Bolt of Fire                   Conjuration/Fire             6
   d - Dragon Form                    Transmutation                7
   e - Dragon's Call                  Summoning                    9
Comestibles
 d - 5 bread rations
 g - 2 fruits


   Skills:
 - Level 1.1 Short Blades
 - Level 3.0 Dodging
 * Level 10.3 Stealth
 + Level 4.8 Spellcasting
 - Level 3.6 Hexes


You had 5 spell levels left.
You knew the following spells:

 Your Spells              Type           Power        Failure   Level  Hunger
a - Ensorcelled Hibernat  Hex/Ice        ##....       10%         2    #......
b - Confuse               Hex            ###.....     12%         3    ##.....
c - Corona                Hex            ###....      3%          1    None
d - Dazzling Spray        Conj/Hex       ##......     17%         3    ##.....


Dungeon Overview and Level Annotations

Branches:
Dungeon (4/15)
 Temple: D:4-7

Altars:
Dithmenos
Elyvilon
Kikubaaqudgha
Nemelex Xobeh
Okawaru
Qazlal
Vehumet


Innate Abilities, Weirdness & Mutations

You are tiny and cannot use many weapons and most armour.
You have supernaturally acute eyesight.
You are a herbivore.
You cover ground extremely quickly.
You need consume almost no food.


Message History

The orc wizard closely misses you. The orc wizard hits you with a dagger.
You closely miss the orc wizard.
The orc wizard is moderately wounded.
The orc wizard gestures at you while chanting.
The puff of flame misses you.
You hit the orc wizard but do no damage.
The orc wizard is moderately wounded.
The orc wizard gestures at you while chanting.
The puff of frost hits you!
* * * LOW HITPOINT WARNING * * *
You are too injured to fight recklessly!
Casting: Dazzling Spray
Confirm with . or Enter, or press ? or * to list all spells.
Aiming: Ensorcelled Hibernation
Press: ? - help, Shift-Dir - straight line, f - orc, p - orc wizard
Aim: an orc, wearing a leather armour (chance to defeat MR: 80%)
The orc wizard is unaffected.
The orc wizard casts a spell at you. The puff of flame hits you!
You die...

#..# #.##..# .# #..#
#.##..# .. ...#
#.##..#### .# ...#
#.....>..## .# # .###
#..#..#...##.#$.+
.########..#...:........#
..........
#.##...##.#.....
.########. #....)....#
... ........ #####@#####
# .####### #o# .# #o# .#
#.. .# ... (# .#.. .# .
.# ## .#


You could see an orc wizard and an orc.

Vanquished Creatures
  Sigmund (D:2)
  An orc wizard (D:3)
  A worker ant (D:1)
  8 adders
  3 gnolls (D:2)
  2 oozes
  A worm (D:4)
  3 dart slugs
  A giant gecko (D:3)
  6 orcs
  9 bats
  7 giant cockroaches
  8 goblins
  9 hobgoblins
  6 jackals
  10 kobolds
  A quokka (D:3)
  A ball python skeleton (D:4)
  5 giant newts
  2 quokka skeletons
  6 rats
91 creatures vanquished.

Notes
Turn   | Place    | Note
--------------------------------------------------------------
     0 | D:1      | MirrMurr the Spriggan Enchanter began the quest for the Orb.
     0 | D:1      | Reached XP level 1. HP: 9/9 MP: 5/5
   159 | D:1      | Reached skill level 5 in Stealth
   197 | D:1      | Reached XP level 2. HP: 4/13 MP: 6/6
   201 | D:1      | Learned a level 2 spell: Ensorcelled Hibernation
   746 | D:1      | Reached skill level 6 in Stealth
  1202 | D:1      | Reached XP level 3. HP: 16/16 MP: 8/8
  1207 | D:1      | Learned a level 3 spell: Confuse
  1579 | D:1      | Reached skill level 7 in Stealth
  1887 | D:1      | Reached XP level 4. HP: 20/21 MP: 9/9
  1892 | D:1      | Learned a level 3 spell: Dazzling Spray
  2131 | D:2      | Found an iron altar of Okawaru.
  2359 | D:2      | Reached skill level 8 in Stealth
  2560 | D:2      | Noticed Sigmund
  2566 | D:2      | Reached XP level 5. HP: 24/24 MP: 7/11
  2575 | D:2      | Killed Sigmund
  2575 | D:2      | Reached skill level 9 in Stealth
  2575 | D:2      | Reached XP level 6. HP: 14/28 MP: 6/13
  2996 | D:3      | Found a stormy altar of Qazlal.
  2999 | D:3      | Found a white marble altar of Elyvilon.
  3001 | D:3      | Found a sparkling altar of Nemelex Xobeh.
  3004 | D:3      | Found a shadowy altar of Dithmenos.
  3005 | D:3      | Found an ancient bone altar of Kikubaaqudgha.
  3032 | D:3      | Found a radiant altar of Vehumet.
  3039 | D:3      | Reached skill level 10 in Stealth
  4231 | D:4      | Killed from afar by an orc wizard

Skill      XL: |  1  2  3  4  5  6 |
---------------+-------------------+-----
Stealth        | 5 6 7 8 9 10 | 10.3
Spellcasting   | 3 4 |  4.8
Short Blades   | |  1.1
Dodging        | |  3.0
Hexes          | |  3.6

Action                   |  1- 3 |  4- 6 || total
-------------------------+-------+-------++-------
Melee: Dagger            |   161 |   224 ||   385
 Cast: Ensorcelled Hiber |     2 |    13 ||    15
       Dazzling Spray    |       |     7 ||     7
  Use: Scroll            |     4 |    10 ||    14
 Stab: Sleeping          |    10 |    26 ||    36
       Distracted        |     1 |       ||     1
       Invisible         |       |     4 ||     4
  Eat: Bread ration      |       |     1 ||     1
       Fruit             |       |     1 ||     1
Armor: Robe              |    15 |    16 ||    31
Dodge: Dodged            |   118 |   176 ||   294
